AoeStats
← jphilkill

Arena

509857888Analyzed
4v4 RM · 3d ago on Sep 28, 2026· 44m 17s· 8 players
Game mode
Random Map
Map size
Large (8 player)
Population
200
Speed
Normal
Resources
Standard
Victory
Conquest
Starting age
Dark Age
Ending age
Imperial Age
RankedLock teamsTeams togetherTeam positionsShared explorationLock speedFull tech treeHidden civsTurbo modeCheats
Victory
Defeat
🇨🇳 Huns · China
1034
+14
🇷🇺 Burgundians · Russia
1033
+14
🇨🇿 Turks · Czechia
982
+16
🇩🇪 Franks · Germany
950
+17
🇨🇳 Chinese · China
1045
-18
🇦🇺 Celts · Australia
989
-15
🇨🇳 Portuguese · China
965
-15
🇨🇳 Turks · China
919
-13
cicici
10:31 Feudal Age
12:03 Double-Bit Axe
14:41 Castle Age
13:00 Horse Collar
19:45 Wheelbarrow
21:33 Gold Mining
24:17 Stone Mining
24:50 Bow Saw
25:16 Gold Shaft Mining
24:54 Heavy Plow
26:56 Hand Cart
30:08 Imperial Age
27:53 Marauders
28:28 Bloodlines
28:23 Husbandry
28:53 Scale Barding Armor
30:02 Chain Barding Armor
29:53 Forging
30:34 Loom
30:35 Town Watch
34:32 Plate Barding Armor
34:32 Iron Casting
34:48 Conscription
33:50 Elite Tarkan
35:10 Parthian Tactics
36:52 Heavy Cavalry Archer
37:39 Thumb Ring
38:53 Guilds
39:38 Fletching
39:49 Padded Archer Armor
40:49 Blast Furnace
40:52 Chemistry
JozefCZ
9:56 Feudal Age
15:54 Castle Age
15:02 Horse Collar
16:50 Double-Bit Axe
19:46 Loom
23:37 Redemption
27:16 Imperial Age
26:10 Wheelbarrow
26:41 Ballistics
26:33 Fortified Wall
26:34 Masonry
26:23 Town Watch
27:52 Hand Cart
29:17 Bow Saw
31:16 Bloodlines
32:21 Two-Man Saw
32:57 Scale Barding Armor
33:03 Forging
34:30 Chain Barding Armor
34:20 Heavy Plow
36:13 Hoardings
35:41 Artillery
36:28 Plate Barding Armor
36:29 Iron Casting
40:00 Scale Mail Armor
40:01 Padded Archer Armor
39:51 Fletching
41:02 Blast Furnace
39:46 Elite Janissary
44:10 Sipahi
44:54 Chain Mail Armor
44:55 Leather Archer Armor
44:36 Bodkin Arrow
FinnMaccool
6:09 Double-Bit Axe
11:59 Feudal Age
10:16 Horse Collar
17:24 Castle Age
16:25 Bow Saw
16:41 Heavy Plow
17:20 Loom
19:06 Two-Man Saw
18:54 Wheelbarrow
20:55 Gold Mining
21:32 Cavalier
22:12 Husbandry
27:34 Stone Mining
30:19 Gold Shaft Mining
31:51 Padded Archer Armor
35:23 Imperial Age
33:10 Hand Cart
33:29 Elite Skirmisher
36:37 Fletching
37:05 Leather Archer Armor
38:24 Chemistry
39:32 Ballistics
40:14 Bodkin Arrow
41:13 Scale Barding Armor
41:19 Forging
jphilkill
1:00 Loom
11:59 Feudal Age
16:45 Castle Age
14:44 Stone Mining
14:53 Gold Mining
16:01 Double-Bit Axe
22:52 Scale Mail Armor
35:06 Wheelbarrow
34:49 Bow Saw
42:13 Imperial Age
40:24 Gold Shaft Mining
40:26 Forging
42:33 Hand Cart
43:27 Chain Mail Armor
43:48 Iron Casting
43:07 Cavalier
雷欧
10:11 Feudal Age
14:11 Castle Age
12:04 Horse Collar
12:14 Double-Bit Axe
16:56 Bow Saw
19:22 Wheelbarrow
22:13 Heavy Plow
23:37 Hand Cart
23:45 Gold Mining
23:45 Stone Mining
28:14 Imperial Age
27:50 Gambesons
27:25 Pikeman
28:11 Scale Mail Armor
28:22 Forging
27:57 Treadmill Crane
28:38 Ballistics
29:10 Loom
29:11 Town Watch
30:34 Chemistry
29:45 Masonry
29:58 Conscription
30:02 Chain Mail Armor
30:23 Iron Casting
30:01 Siege Engineers
30:00 Arquebus
30:59 Guilds
30:46 Halberdier
32:45 Plate Mail Armor
34:37 Blast Furnace
33:28 Fletching
33:52 Guard Tower
34:33 Architecture
35:55 Elite Organ Gun
37:25 Keep
37:11 Bombard Tower
38:16 Bodkin Arrow
38:22 Padded Archer Armor
40:50 Stone Shaft Mining
40:21 Caravan
40:32 Bracer
panda
0:30 Loom
10:45 Feudal Age
15:11 Castle Age
14:09 Double-Bit Axe
14:31 Horse Collar
18:55 Fletching
20:05 Bodkin Arrow
21:07 Padded Archer Armor
21:54 Heavy Plow
22:52 Wheelbarrow
25:05 Ballistics
25:18 Leather Archer Armor
30:37 Imperial Age
28:50 Bow Saw
28:53 Gold Mining
30:28 Forging
31:04 Gold Shaft Mining
31:26 Bracer
31:23 Pikeman
32:04 Squires
33:36 Ring Archer Armor
33:07 Scale Mail Armor
35:20 Chemistry
34:46 Conscription
33:57 Halberdier
36:57 Elite Chu Ko Nu
菜鸟
0:33 Loom
12:51 Feudal Age
17:42 Double-Bit Axe
17:42 Horse Collar
21:06 Castle Age
19:28 Stone Mining
21:22 Forging
26:00 Bow Saw
26:37 Heavy Plow
28:12 Bloodlines
30:50 Gold Mining
33:59 Fletching
HanzVermhat
4:39 Loom
10:54 Feudal Age
13:09 Double-Bit Axe
18:39 Castle Age
16:50 Stone Mining
17:23 Double-Bit Axe
17:30 Horse Collar
19:32 Wheelbarrow
19:02 Town Watch
20:04 Pikeman
20:30 Gambesons
25:51 Forging
25:42 Scale Mail Armor
28:50 Bow Saw
30:21 Gambesons
33:09 Gold Mining
33:21 Heavy Plow
Connection lost

Rejoining the realm…

Still unreachable

The connection could not be restored.

Session expired

The server has moved on; the page needs a fresh start.